 Dungeon Crawl Stone Soup version 0.32-a0-35-gd9ff480968 (webtiles) character file.

Game seed: 8194217976263434280

7935 Hellonello the Unseen (level 11, -2/71 HPs)
             Began as an Octopode Shapeshifter on Jan 21, 2024.
             Slain by a red ugly thing (14 damage)
             ... on level 11 of the Dungeon.
             The game lasted 00:28:05 (9815 turns).

Hellonello the Unseen (Octopode Shapeshifter)       Turns: 9815, Time: 00:28:05

Health: -2/71      AC:  5    Str: 19    XL:     11   Next: 23%
Magic:  11/11      EV: 15    Int: 13    God:
Gold:   2703       SH:  0    Dex: 16    Spells: 10/10 levels left

rFire   . . .        k - +2 dagger (elec)
rCold   . . .        (no shield)
rNeg    + . .        (helmet currently unavailable)
rPois   .            (no amulet)
rElec   .            n - +4 ring of slaying
rCorr   .            r - +6 ring of strength
SInv    .            u - +4 ring of protection
Will    .....        y - ring of positive energy
Stlth   +++++++      (no ring)
HPRegen 0.31/turn    (no ring)
MPRegen 0.12/turn    (no ring)
                     (no ring)

%: no passive effects
@: beast-form
A: beast (slay +4), almost no armour, amphibious, 8 rings, camouflage 1,
gelatinous body 1, (nimble swimmer 1), tentacles
a: Begin Untransformation


You were on level 11 of the Dungeon.
You were a hulking beast.
You visited 1 branch of the dungeon, and saw 11 of its levels.
You also visited: Sewer and Bailey.

You collected 2703 gold pieces.

Inventory:

Hand Weapons
 e - a +1 dagger of freezing
 k - a +2 dagger of electrocution (weapon)
Missiles
 A - 2 throwing nets (quivered)
Jewellery
 n - a +4 ring of slaying (left tentacle)
 q - a ring of magical power
 r - a +6 ring of strength (right tentacle)
 u - a +4 ring of protection (on tentacle)
 y - a ring of positive energy (on tentacle)
Talismans
 b - a beast talisman
 v - a flux talisman
 w - a maw talisman
Wands
 c - a wand of polymorph (5)
 i - a wand of flame (39)
 j - a wand of paralysis (2)
 o - a wand of roots (6)
 t - a wand of quicksilver (9)
Scrolls
 a - 3 scrolls of teleportation
 d - a scroll of fog {unknown}
 g - 2 scrolls of identify
 l - a scroll of revelation
 x - 2 scrolls of fear
Potions
 f - 2 potions of enlightenment
 h - 3 potions of mutation
 m - 2 potions of attraction
 p - 2 potions of degeneration
 z - a potion of might
Miscellaneous
 B - a condenser vane


   Skills:
 - Level 5.0 Fighting
 - Level 5.0 Short Blades
 - Level 5.0 Dodging
 - Level 15.0 Stealth
 - Level 3.0 Unarmed Combat
 + Level 9.8 Shapeshifting


You had 10 spell levels left.
You didn't know any spells.
Your spell library contained the following spells:

 Spells                   Type           Power      Damage    Failure   Level
 Magic Dart               Conj           0%         1d3       30%         1
 Sandblast                Erth           0%         2d4       30%         1
 Blink                    Tloc           0%         N/A       43%         2
 Call Imp                 Summ           0%         N/A       43%         2
 Passwall                 Erth           0%         N/A       67%         3
 Stone Arrow              Conj/Erth      0%         3d7       67%         3
 Brom's Barrelling Bould  Conj/Erth      0%         2d3       97%         4
 Summon Lightning Spire   Summ/Air       0%         N/A       97%         4
 Lee's Rapid Deconstruct  Erth           0%         3d4*      100%        5
 Animate Armour           Summ/Erth      Unusable   N/A       N/A         4

Dungeon Overview and Level Annotations

Branches:
Dungeon (11/15)              Lair (0/5) D:10            Orc (0/2) D:10
  Sewer (visited)          Bailey (visited)
 Temple: D:4-7

Altars:
Cheibriados
Elyvilon
Gozag
Kikubaaqudgha
Nemelex Xobeh
Okawaru
Trog
Uskayaw
Yredelemnul
The Shining One

Shops:
D:4 [

Annotations:
D:10 3 runed translucent doors, waq's ghost, novice HuSh


Innate Abilities, Weirdness & Mutations

You are a hulking beast.
Your limbs bulge with bestial killing power. (Slay +4)
You cannot wear most types of armour.
You are amphibious.
You can wear up to eight rings at the same time.
Your skin changes colour to match your surroundings (Stealth+).
Your rubbery body absorbs attacks. (AC +1, EV +1)
((You are camouflaged when in or above water. (Stealth+)))
You have tentacles for arms and can constrict up to eight enemies at once.


Message History

Items here: ( )))) ÷÷÷÷.
Waq's ghost turns its malevolent gaze towards you.
The vampire mosquito buzzes angrily.
The ice dragon roars deafeningly!
Press: ? - help, v - describe, . - travel
Here: waq's ghost (fire blocked by a runed translucent door)
The floor.
Could not explore, unopened runed door.
The wyvern hisses angrily.
Okay, then.
What level of the Dungeon? (default 10, ? - help) Waq's ghost whispers, "They're coming for you..."
Items here: ( )))) ÷÷÷÷.
Items here: )) [ ÷÷.
There is a stone staircase leading down here.
You climb downwards.
Found a scroll labelled MICHOI BICWOY.
There is a stone staircase leading up here.
d - a scroll labelled MICHOI BICWOY You open the door.
There is an open door here.
You open the door.
Found a stone staircase leading down.
A red ugly thing comes into view.
There is an open door here.
There is a stone staircase leading down here.
You puncture the red ugly thing! You grab the red ugly thing.
The red ugly thing is lightly wounded.
You constrict the red ugly thing. The red ugly thing bites you!
You are engulfed in flames!
You barely miss the red ugly thing.
The red ugly thing is lightly wounded.
You constrict the red ugly thing. The red ugly thing bites you.
You are engulfed in flames!!
You release your grip on the red ugly thing.
The red ugly thing attacks as it pursues you!
The red ugly thing bites you!
* * * LOW HITPOINT WARNING * * *
You are engulfed in flames!
You die...

###+## #....#
#######+# #....###
#........
#....'.###........
#....#..##........
#...<##..#u.......
#....###.h........
#....# ###........
#....# #########
######


You could see a red ugly thing.

Vanquished Creatures
  A centaur warrior (D:9)
  A deep elf pyromancer (D:9)
  Maurice (D:8)
  An unseen horror (D:10)
  A rime drake (D:10)
  A troll (D:10)
  A polar bear (D:10)
  Grinder (D:3)
  Prince Ribbit (D:9)
  A vampire (D:10)
  A steam dragon (D:8)
  2 acid dragons
  A water moccasin (D:7)
  A laughing skull (D:9)
  A black bear (D:8)
  4 orc warriors
  4 ice beasts (D:10)
  2 sky beasts
  2 ogres
  2 centaurs
  3 wolves (D:10)
  11 kobold brigands
  A phantom (D:5)
  4 bullfrogs
  2 scorpions (D:5)
  11 killer bees
  4 howler monkeys
  3 bombardier beetles
  3 gnoll boudas
  A hound (D:7)
  2 orc priests (D:8)
  A sleepcap (D:4)
  4 iguanas
  11 orc wizards
  19 gnolls
  6 adders
  3 river rats
  A white imp (D:6)
  2 dart slugs
  5 ribbon worms
  33 orcs
  9 ball pythons
  9 bats
  10 endoplasms
  6 giant cockroaches
  10 goblins
  5 hobgoblins
  3 jackals (Sewer)
  4 quokkas
  A frilled lizard (D:5)
  34 kobolds
  12 rats
263 creatures vanquished.

Vanquished Creatures (others)
  A gnoll (D:8)
  An orc (D:8)
2 creatures vanquished.

Grand Total: 265 creatures vanquished

Notes
Turn   | Place    | Note
-------+----------+-------------------------------------------
     0 | D:1      | Hellonello the Octopode Shapeshifter began the quest for
                  | the Orb.
     0 | D:1      | Reached XP level 1. HP: 13/13 MP: 1/1
    16 | D:1      | Reached skill level 1 in Stealth
    88 | D:1      | Reached skill level 2 in Stealth
    97 | D:1      | Reached XP level 2. HP: 18/18 MP: 2/2
   244 | D:1      | Reached skill level 3 in Stealth
   589 | D:1      | Reached XP level 3. HP: 23/23 MP: 3/3
   665 | D:2      | Reached skill level 4 in Stealth
   828 | D:2      | Identified the +0 cloak of Benevolence {Harm Fly Str+6
                  | Int-5}
  1000 | D:2      | Reached skill level 5 in Stealth
  1049 | D:2      | Found a faded altar of an unknown god.
  1264 | D:2      | Reached XP level 4. HP: 28/28 MP: 4/4
  1672 | D:3      | Found a snail-covered altar of Cheibriados.
  1690 | D:3      | Reached skill level 6 in Stealth
  1804 | D:3      | Reached XP level 5. HP: 33/33 MP: 5/5
  1829 | D:3      | Reached skill level 7 in Stealth
  2332 | D:4      | Noticed Grinder
  2336 | D:4      | Paralysed by Grinder for 2 turns
  2378 | D:3      | Paralysed by Grinder for 3 turns
  2386 | D:3      | HP: 1/49 [Grinder (7)]
  2392 | D:3      | Paralysed by Grinder for 4 turns
  2395 | D:3      | HP: 1/33 [Grinder (4)]
  2397 | D:3      | Killed Grinder
  2398 | D:3      | Reached skill level 9 in Stealth
  2398 | D:3      | Reached XP level 6. HP: 2/38 MP: 6/6
  2605 | D:4      | Found Tod Sask's Armour Shop.
  2934 | D:4      | Reached skill level 10 in Stealth
  2934 | D:4      | Reached skill level 1 in Short Blades
  2934 | D:4      | Reached XP level 7. HP: 43/43 MP: 7/7
  3795 | D:5      | Entered Level 5 of the Dungeon
  3833 | D:5      | Found an iron altar of Okawaru.
  3849 | D:5      | Reached skill level 5 in Short Blades
  3849 | D:5      | Reached XP level 8. HP: 48/48 MP: 8/8
  4070 | D:5      | Found a glowing drain.
  4075 | Sewer    | Entered a sewer
  4255 | Sewer    | Found a white marble altar of Elyvilon.
  4494 | D:5      | Found a white marble altar of Elyvilon.
  4852 | D:6      | You fall into a shaft and drop 1 floor!
  4882 | D:7      | Reached skill level 5 in Dodging
  5171 | D:7      | Found an ancient bone altar of Kikubaaqudgha.
  5215 | D:7      | Reached skill level 5 in Fighting
  5215 | D:7      | Reached XP level 9. HP: 61/61 MP: 9/9
  5389 | D:7      | Reached skill level 11 in Stealth
  5759 | D:8      | Found a flagged portal.
  5763 | D:8      | Noticed Maurice
  5784 | D:8      | Maurice stole a flux talisman
  5786 | D:8      | Killed Maurice
  5787 | D:8      | Reached skill level 12 in Stealth
  5944 | Bailey   | Entered a bailey
  5982 | Bailey   | Reached skill level 13 in Stealth
  6178 | Bailey   | Reached skill level 14 in Stealth
  6337 | Bailey   | Found a burning altar of Makhleb.
  6519 | D:8      | Reached XP level 10. HP: 53/66 MP: 10/10
  6611 | D:8      | Reached skill level 15 in Stealth
  7108 | D:8      | Found a hide-covered altar of Uskayaw.
  7110 | D:8      | Found a glowing golden altar of the Shining One.
  7111 | D:8      | Found a bloodstained altar of Trog.
  7118 | D:8      | Identified a scroll of acquirement
  7119 | D:8      | Acquired 964 gold pieces
  7436 | D:9      | Noticed Prince Ribbit
  7440 | D:9      | Killed Prince Ribbit
  7441 | D:9      | Reached skill level 5 in Shapeshifting
  7447 | D:9      | Noticed a deep elf pyromancer
  7449 | D:9      | Noticed a centaur warrior
  7468 | D:9      | Killed a centaur warrior
  7613 | D:9      | Killed a deep elf pyromancer
  8118 | D:9      | Identified the +5 short sword of Clean Exoneration {drain,
                  | rC- Str+4 Dex+3}
  8188 | D:9      | Found a basalt altar of Yredelemnul.
  8417 | D:10     | Entered Level 10 of the Dungeon
  8474 | D:10     | Found a staircase to the Lair.
  8721 | D:10     | Reached XP level 11. HP: 71/71 MP: 11/11
  9303 | D:10     | Found a staircase to the Orcish Mines.
  9335 | D:10     | Found a sparkling altar of Nemelex Xobeh.
  9389 | D:10     | Found a runed translucent gate.
  9389 | D:10     | Found a runed translucent gate.
  9389 | D:10     | Found a runed translucent gate.
  9391 | D:10     | Found an opulent altar of Gozag.
  9659 | D:10     | Noticed an ice dragon
  9660 | D:10     | Noticed waq's ghost (novice HuSh)
  9811 | D:11     | Noticed a red ugly thing
  9815 | D:11     | Slain by a red ugly thing

Illustrated notes

Levels and vault maps discovered:
D:1:      onia_arrival_handbag, layout_loops_ring
D:2:      layout_loops_ring, basic_ecumenical_altar, kennysheep_generic_room_9
D:3:      layout_loops_ring, slow_altar_1, dreamdust_wishing_well
D:4:      layout_loops_cross, nicolae_take_the_stairs,
          serial_library_regret_index_double_sided, uniq_grinder
D:5:      layout_cave_pools, lemuel_coloured_pillars_altar, old_standard_altar,
          mainiacjoe_sewer_entry_somewhere_in_here_1, serial_park,
          serial_park_tiny_1
D:6:      layout_basic, minmay_temple_entry_enclosed_plants,
          roderic_malta_cross, chequers_garden, minivault_27, uniq_maggie
D:7:      layout_basic, mainiacjoe_overflow_alcove_1,
          ebering_dispersal_statue_hall
D:8:      layout_basic, minitemple, enter_bailey_5, uniq_maurice
D:9:      nicolae_cairo_tiling_large_dashed, layout_long_grid,
          yredelemnul_altar_generic, minmay_diamond_spiral, uniq_prince_ribbit1
D:10:     layout_rooms, nemelex_diamond_rough_becter, hellmonk_lair_entry_icy,
          ebering_ghost_gozag
D:11:     layout_roguey

Skill      XL: |  1  2  3  4  5  6  7  8  9 10 11 |
---------------+----------------------------------+-----
Stealth        | 2 3 5 6 9 10 14 15 | 15.0
Short Blades   | 1 5 |  5.0
Fighting       | 5 |  5.0
Dodging        | 5 |  5.0
Shapeshifting  | 8 9 |  9.8
Unarmed Combat | |  3.0

Action                     |  1- 3 |  4- 6 |  7- 9 | 10-12 || total
---------------------------+-------+-------+-------+-------++-------
  Melee: Unarmed           |    18 |       |       |       ||    18
         Constrict         |    15 |    15 |    41 |    42 ||   113
         Tentacles         |    15 |    18 |    52 |    35 ||   120
         Punch             |     2 |     2 |    10 |     3 ||    17
         Dagger            |    60 |    90 |   188 |   193 ||   531
  Throw: Throwing net      |       |       |       |     1 ||     1
  Evoke: Wand              |       |     6 |     4 |       ||    10
    Use: Scroll            |     1 |     3 |    12 |     6 ||    22
         Potion            |       |     4 |     5 |     3 ||    12
   Stab: Sleeping          |    15 |    14 |    34 |    13 ||    76
         Distracted        |     2 |     1 |     1 |     1 ||     5
         Paralysed         |       |     1 |     1 |       ||     2
         Invisible         |       |       |       |     1 ||     1
         Held in net/web   |       |       |       |     1 ||     1
 Armour: Skin              |    19 |    39 |    90 |   107 ||   255
  Dodge: Dodged            |    46 |    31 |   137 |   129 ||   343

Table legend: (Time is in decaauts)
 A = Elapsed time spent in this place.
 B = Non-inter-level travel time spent in this place.
 C = Inter-level travel time spent in this place.
 D = Time resting spent in this place.
 E = Time spent auto-exploring this place.
 F = Levels seen in this place.
 G = Mean time per level.
                   A        B        C        D        E       F      G
               +--------+--------+--------+--------+--------+-----+--------+
         Total |   9766 |   9554 |    212 |   2607 |   4655 |  13 |  751.2 |
       Dungeon |   9102 |   8890 |    212 |   2340 |   4543 |  11 |  827.5 |
         Sewer |    238 |    238 |      0 |     63 |     78 |   1 |  238.0 |
        Bailey |    425 |    425 |      0 |    204 |     34 |   1 |  425.0 |
               +--------+--------+--------+--------+--------+-----+--------+

Top non-repeatable levels by time:
    D:10: 1352 daAuts
     D:9: 1186 daAuts
     D:4: 1176 daAuts
     D:3: 1146 daAuts
     D:8: 1034 daAuts
     D:7: 885 daAuts
     D:2: 808 daAuts
     D:1: 658 daAuts
     D:5: 534 daAuts
  Bailey: 425 daAuts
     D:6: 300 daAuts
   Sewer: 238 daAuts
    D:11: 20 daAuts
